 Dungeon Crawl Stone Soup version 0.31.0-11-ge490571c62 (webtiles) character file.

Game seed: 12100610384546898841

535 qw the Shooter (level 7, -2/35 HPs)
             Began as a Spriggan Hunter on Feb 3, 2024.
             Slain by an ogre
             ... wielding a +0 giant club
              (10 damage)
             ... on level 4 of the Dungeon.
             The game lasted 00:00:11 (3286 turns).

qw the Shooter (Spriggan Hunter)                    Turns: 3286, Time: 00:00:12

Health: -2/35      AC:  2    Str:  7    XL:     7   Next: 4%
Magic:  8/8        EV: 22    Int: 10    God:
Gold:   185        SH:  0    Dex: 21    Spells: 6/6 levels left

rFire   . . .        a - +1 shortbow
rCold   + . .        (shield currently unavailable)
rNeg    . . .        c - +0 robe
rPois   +            (helmet restricted)
rElec   .            (no cloak)
rCorr   .            (gloves unavailable)
SInv    +            (boots unavailable)
Will    +....        n - amulet of faith
Stlth   ++           b - ring of protection from cold
HPRegen 0.25/turn    i - ring of poison resistance
MPRegen 0.11/turn

%: faith
@: very quick
A: very small, no large weapons, unfitting armour, see invisible, speed 3
a: no special abilities


You were on level 4 of the Dungeon.
You visited 1 branch of the dungeon, and saw 4 of its levels.

You collected 185 gold pieces.


Innate Abilities, Weirdness & Mutations

You are very small and have problems with some larger weapons.
You are too small for most types of armour.
You have supernaturally acute eyesight. (SInv)
You cover ground extremely quickly. (Speed+++)


   Skills:
 - Level 2.0 Fighting
 - Level 7.0 Ranged Weapons
 + Level 6.6 Dodging
 - Level 1.5 Stealth


You had 6 spell levels left.
You didn't know any spells.
Your spell library was empty.

Inventory:

Hand Weapons
 a - a +1 shortbow (weapon)
Armour
 c - a +0 robe (worn)
Jewellery
 b - a ring of protection from cold (left hand)
 d - a +6 ring of strength
 i - a ring of poison resistance (right hand)
 n - an amulet of faith (around neck)
Wands
 k - a wand of iceblast (7)
Scrolls
 j - a scroll of poison {unknown}
Potions
 e - 3 potions of mutation
 f - a potion of resistance
 g - a potion of curing
 h - 2 potions of might {unknown}

Dungeon Overview and Level Annotations

Branches:
Dungeon (4/15)
 Temple: D:4-7

Altars:
Hepliaklqana

Annotations:
D:4 3 runed translucent doors, qw's ghost, amateur SpHu


Message History

The jackal is heavily wounded.
The jackal misses you. The jackal completely misses you.
The jackal closely misses you.
You shoot an arrow. The arrow hits the jackal!
You kill the jackal!
The jackal bites you.
You shoot an arrow. The arrow hits the jackal!
You kill the jackal!
You start resting.
HP restored.
Items here: %%% ).
Items here: %%% ).
Found an escape hatch in the ceiling.
There is an escape hatch in the ceiling here.
A ball python comes into view.
You shoot an arrow. The arrow hits the ball python.
You kill the ball python!
A ball python comes into view.
You shoot an arrow. The arrow hits the ball python!
You kill the ball python!
Found an escape hatch in the floor.
There is an escape hatch in the floor here.
There is a stone staircase leading down here.
An ogre comes into view. It is wielding a +0 giant club.
You shoot an arrow. The arrow hits the ogre!
The ogre shouts!
The ogre is moderately wounded.
You shoot an arrow. The arrow barely misses the ogre.
You shoot an arrow. The arrow hits the ogre.
The ogre is heavily wounded.
The ogre hits you with a +0 giant club!!
Ouch! That really hurt!
You shoot an arrow. The arrow hits the ogre.
The ogre is heavily wounded.
You shoot an arrow. The arrow barely misses the ogre.
The ogre barely misses you.
You shoot an arrow. The arrow hits the ogre.
The ogre is heavily wounded.
The ogre hits you with a +0 giant club!
You die...

#.# ######......#..W..
#.# #.##...###### #.#
#.###........ #.# #.#
#........ #.#########.#
######)#. #...........#
#.).
##########..##########.
#####..............
#.@......>...######
#O###...####.# #. #...#
#.# .. ##.## #.# ###
#)# #.# #.# #.# #.# #.#
#.# #.# #.# #.# #.#
#.#####.###


You could see an ogre.

Vanquished Creatures
  An ogre (D:4)
  A phantom (D:4)
  A scorpion (D:4)
  A hound (D:4)
  A jelly (D:4)
  A gnoll bouda (D:4)
  An orc wizard (D:4)
  Ijyb (D:3)
  7 adders
  4 dart slugs
  2 ribbon worms (D:2)
  6 orcs
  8 ball pythons
  9 endoplasms
  3 giant cockroaches
  9 goblins
  7 hobgoblins
  6 jackals
  3 quokkas (D:1)
  8 bats
  4 frilled lizards
  5 kobolds
  6 rats
95 creatures vanquished.

Notes
Turn   | Place    | Note
-------+----------+-------------------------------------------
     0 | D:1      | qw the Spriggan Hunter began the quest for the Orb.
     0 | D:1      | Reached XP level 1. HP: 10/10 MP: 2/2
     0 | D:1      | 0 ||| qw: Version: 0.3-a-157-g843a77d
     0 | D:1      | 0 ||| qw: Game counter: 3834
     0 | D:1      | 0 ||| qw: Melee chars always use a shield: true
     0 | D:1      | 0 ||| qw: God list: Okawaru
     0 | D:1      | 0 ||| qw: Allow faded altars: false
     0 | D:1      | 0 ||| qw: Do Orc after clearing Dungeon:15 true
     0 | D:1      | 0 ||| qw: Do second Lair branch before Depths: true
     0 | D:1      | 0 ||| qw: Lair rune preference: random
     0 | D:1      | 0 ||| qw: Goals: Normal
     0 | D:1      | 0 ||| PLANNING D:1-11
    58 | D:1      | Reached skill level 3 in Dodging
   225 | D:1      | Reached XP level 2. HP: 14/14 MP: 3/3
   443 | D:1      | Reached XP level 3. HP: 18/18 MP: 4/4
   844 | D:1      | 844 ||| READING 2 scrolls labelled CIOJUE NEAJ.
   844 | D:1      | 844 ||| IDENTIFYING 3 amethyst potions
   845 | D:1      | 845 ||| DROPPING scroll of butterflies.
  1212 | D:2      | Reached skill level 5 in Ranged Weapons
  1263 | D:2      | Reached XP level 4. HP: 22/22 MP: 5/5
  1638 | D:2      | 1638 ||| UPGRADING to ring of protection from cold.
  1639 | D:2      | 1639 ||| UPGRADING to ring of poison resistance.
  1640 | D:2      | 1640 ||| READING 4 scrolls of identify.
  1640 | D:2      | 1640 ||| IDENTIFYING murky grey potion
  1641 | D:2      | 1641 ||| READING 3 scrolls of identify.
  1641 | D:2      | 1641 ||| IDENTIFYING silvery potion
  1642 | D:2      | 1642 ||| READING 2 scrolls of identify.
  1642 | D:2      | 1642 ||| IDENTIFYING puce potion
  1643 | D:2      | 1643 ||| DROPPING potion of magic.
  2085 | D:3      | Noticed Ijyb
  2106 | D:3      | HP: 3/16 [Ijyb/+0 dagger of draining (4)]
  2106 | D:3      | HP: 1/15 [Ijyb/+0 dagger of draining (2)]
  2107 | D:3      | Killed Ijyb
  2295 | D:3      | Reached XP level 5. HP: 20/22 MP: 6/6
  2677 | D:3      | Found a hazy altar of Hepliaklqana.
  2718 | D:3      | 2718 ||| UPGRADING to amulet of faith.
  2723 | D:3      | 2723 ||| READING 2 scrolls of identify.
  2723 | D:3      | 2723 ||| IDENTIFYING scroll labelled QOUQAFFUITT
  2724 | D:3      | 2724 ||| READING scroll of identify.
  2724 | D:3      | 2724 ||| IDENTIFYING scroll labelled YNIPINW DERU
  2725 | D:3      | 2725 ||| READING scroll labelled EZXYZE XOCRECH.
  2725 | D:3      | 2725 ||| ENCHANTING +0 shortbow.
  2726 | D:3      | 2726 ||| READING scroll labelled GOROEXZ QEBB.
  2727 | D:3      | 2727 ||| DROPPING scroll of silence.
  2728 | D:3      | 2728 ||| DROPPING scroll of fear.
  2751 | D:4      | 2751 ||| STAIRDANCE
  2755 | D:4      | 2755 ||| STAIRDANCE
  2759 | D:4      | 2759 ||| STAIRDANCE
  2775 | D:4      | HP: 5/22 [scorpion (4)]
  2776 | D:4      | HP: 2/22 [scorpion (3)]
  2888 | D:4      | Reached skill level 6 in Ranged Weapons
  2943 | D:4      | Noticed a phantom
  2946 | D:4      | Reached XP level 6. HP: 30/30 MP: 7/7
  2957 | D:4      | Reached skill level 6 in Dodging
  2995 | D:4      | Found a runed translucent gate.
  2995 | D:4      | Found a runed translucent gate.
  2995 | D:4      | Found a runed translucent gate.
  2996 | D:4      | Noticed qw's ghost (amateur SpHu)
  3141 | D:4      | Reached skill level 7 in Ranged Weapons
  3141 | D:4      | Reached XP level 7. HP: 33/35 MP: 8/8
  3283 | D:4      | HP: 8/35 [ogre/+0 giant club (27)]
  3286 | D:4      | Slain by an ogre

Levels and vault maps discovered:
D:1:      nagdon_arrival_zigzag_paths, layout_basic, serial_curves,
          eino_curves_01, eino_curves_01
D:2:      minmay_angry_zag, layout_basic
D:3:      layout_basic, marbit_many_paths, uniq_ijyb
D:4:      layout_loops_ring, gammafunk_ghost_split, st_stairs_9

Skill      XL: |  1  2  3  4  5  6 |
---------------+-------------------+-----
Dodging        | 3 4 5 6 |  6.6
Ranged Weapons | 5 6 7 |  7.0
Fighting       | 2 |  2.0
Stealth        | |  1.5

Action                     |  1- 3 |  4- 6 |  7- 9 || total
---------------------------+-------+-------+-------++-------
   Fire: Shortbow          |    91 |   187 |    23 ||   301
    Use: Scroll            |     1 |     7 |       ||     8
 Armour: Robe              |     5 |    33 |     9 ||    47
  Dodge: Dodged            |    23 |   103 |    46 ||   172

Table legend:
 A = Non-vault XP
 B = Vault XP
 C = Vault XP percentage of total XP
 D = Non-vault monster count
 E = Vault monster count
 F = Vault count percentage of total count
                 A         B        C        D         E       F
            +---------+---------+-------+---------+---------+-------
      Total |     587 |     178 |  23.3 |      85 |      10 |  10.5
            +---------+---------+-------+---------+---------+-------
        D:1 |      45 |       0 |   0.0 |      26 |       0 |   0.0
        D:2 |      80 |      13 |  14.0 |      19 |       5 |  20.8
        D:3 |      47 |      37 |  44.0 |      17 |       2 |  10.5
        D:4 |     415 |     128 |  23.6 |      23 |       3 |  11.5
            +---------+---------+-------+---------+---------+-------
